 Dungeon Crawl Stone Soup version 0.30-a0-949-g53dc5368d7 (webtiles) character file.

Game seed: 14912819618499143855

58 Zonian the Insei (level 4, -2/27 HPs)
             Began as a Tengu Gladiator on Mar 27, 2023.
             Killed by divine providence
             ... invoked by an orc priest
              (14 damage)
             ... on level 2 of the Dungeon.
             The game lasted 00:01:55 (1079 turns).

Zonian the Insei (Tengu Gladiator)                  Turns: 1079, Time: 00:01:57

Health: -2/27      AC:  9    Str: 16    XL:     4   Next: 2%
Magic:  5/5        EV: 12    Int:  8    God:
Gold:   58         SH:  0    Dex: 16    Spells: 3/3 levels left

rFire   . . .      SeeInvis .      - Unarmed
rCold   . . .      Faith    .    (no shield)
rNeg    . . .      Spirit   .    g - +4 ring mail
rPois   .          Reflect  .    b - +0 hat
rElec   .          Rampage  .    (no cloak)
rCorr   .                        (no gloves)
Will    .....                    (boots unavailable)
Stlth   +                        (no amulet)
HPRegen 0.24/turn                (no ring)
MPRegen 0.09/turn                (no ring)

@: no status effects
A: beak, talons 3
a: no special abilities


You were on level 2 of the Dungeon.
You visited 1 branch of the dungeon, and saw 2 of its levels.

You collected 124 gold pieces.
You spent 66 gold pieces at shops.

Inventory:

Missiles
 c - a throwing net (quivered)
 d - a javelin
Armour
 a - a +0 leather armour
 b - a +0 hat (worn)
 g - a +4 ring mail (worn)
Jewellery
 h - an amulet of faith
Scrolls
 e - 3 scrolls of identify {unknown}
 k - a scroll of amnesia {unknown}
 n - a scroll of fog {unknown}
 o - a scroll of poison {unknown}
Potions
 f - a potion of degeneration {unknown}
 i - 5 potions of curing
 j - a potion of magic {unknown}
 l - a potion of flight {unknown}
 m - a potion of might {unknown}


   Skills:
 + Level 2.7 Fighting
 + Level 2.5 Throwing
 + Level 3.8 Dodging
 + Level 3.9 Unarmed Combat


You had 3 spell levels left.
You didn't know any spells.
Your spell library was empty.

Dungeon Overview and Level Annotations

Branches:
Dungeon (2/15)

Altars:
Okawaru

Shops:
D:1 !


Innate Abilities, Weirdness & Mutations

You have a beak for a mouth.
You have claws for feet.


Message History

The orc closely misses you. The orc hits you with a +0 mace.
You hit the orc but do no damage. You claw the orc, but do no damage.
The orc is moderately wounded.
The orc closely misses you. The orc hits you with a +0 mace.
You hit the orc. You claw the orc.
You kill the orc!
The orc hits you from afar with a +0 trident.
You have reached level 4!
You feel agile.
You throw a throwing net. The throwing net hits the orc.
The orc is caught in the net!
The orc struggles against the net.
You throw a throwing net. The throwing net hits the orc.
The orc struggles against the net.
Unknown command.
The orc struggles against the net.
Things that are here:
a +0 mace; a +0 scale mail; an orc corpse You hit the orc but do no damage.
You peck the orc.
The orc is lightly wounded.
The orc struggles against the net.
The orc priest looks satisfied for a moment.
You hit the orc.
The orc is moderately wounded.
The orc struggles against the net.
You hit the orc but do no damage. You claw the orc, but do no damage.
You peck the orc, but do no damage.
The orc is moderately wounded.
The orc struggles against the net.
The net rips apart, and the orc comes free!
You closely miss the orc. You peck the orc, but do no damage.
The orc is moderately wounded.
You hit the orc but do no damage.
The orc hits you from afar with a +0 trident!
You hit the orc. You claw the orc.
You kill the orc!
The orc throws a boomerang.
The boomerang barely misses you.
The orc priest invokes the aid of Beogh against you.
Beogh smites you!
Ouch! That really hurt!
You die...

##...)....##...#....##........#.#
#........##.#.####.##.....#....#
##..#######.#..........).....#.#
##....####.#.####..............
#........#..................###
#...<....'...#.#####........#
#......[.###.#.##....<......#
###.........##.#.#####.....#..#
.##########..#.#@###...#....#.#
.# ##.#.#)#...###.#.##.# .#
#...#o#...# #.#.# ## .#
###..oo...# #.#.. .# ###>#†..#
#.#.## .# ###.o.# .. .#####
....... .....# #......... .....#
#...o.....


You could see an orc priest and 2 orcs.

Vanquished Creatures
  An adder (D:2)
  A dart slug (D:2)
  2 orcs (D:2)
  4 ball pythons
  7 endoplasms
  4 giant cockroaches
  6 goblins
  A hobgoblin (D:2)
  3 jackals (D:1)
  A quokka (D:1)
  2 bats (D:1)
  2 frilled lizards (D:1)
  6 kobolds
  2 rats (D:1)
42 creatures vanquished.

Vanquished Creatures (others)
  A plant (D:1)
1 creature vanquished.

Grand Total: 43 creatures vanquished

Notes
Turn   | Place    | Note
-------+----------+-------------------------------------------
     0 | D:1      | Zonian the Tengu Gladiator began the quest for the Orb.
     0 | D:1      | Reached XP level 1. HP: 12/12 MP: 2/2
    60 | D:1      | Reached XP level 2. HP: 15/17 MP: 3/3
   311 | D:1      | Found a faded altar of an unknown god.
   368 | D:1      | Reached XP level 3. HP: 22/22 MP: 4/4
   436 | D:1      | Found Teizila's Distillery.
   469 | D:1      | Bought a potion of curing for 33 gold pieces
   469 | D:1      | Bought a potion of curing for 33 gold pieces
   846 | D:2      | Found an iron altar of Okawaru.
  1071 | D:2      | Reached XP level 4. HP: 17/27 MP: 5/5
  1079 | D:2      | Killed from afar by an orc priest

Illustrated notes

Levels and vault maps discovered:
D:1:      lightli_arrival_noodles, layout_basic,
          dreamdust_ecumenical_altar_grove, serial_shops, shop_coins,
          dreamdust_mushroom_princess
D:2:      layout_basic, basic_altar

Action                     |  1- 3 |  4- 6 || total
---------------------------+-------+-------++-------
  Melee: Unarmed           |    89 |     6 ||    95
         Kick              |    25 |     2 ||    27
         Peck              |    10 |     3 ||    13
         Punch             |     2 |       ||     2
  Throw: Throwing net      |       |     2 ||     2
   Stab: Sleeping          |     2 |       ||     2
 Armour: Leather armour    |    20 |       ||    20
         Ring mail         |    12 |       ||    12
  Dodge: Dodged            |    59 |     1 ||    60

Table legend: (Time is in decaauts)
 A = Elapsed time spent in this place.
 B = Non-inter-level travel time spent in this place.
 C = Inter-level travel time spent in this place.
 D = Time resting spent in this place.
 E = Time spent auto-exploring this place.
 F = Levels seen in this place.
 G = Mean time per level.
                   A        B        C        D        E       F      G
               +--------+--------+--------+--------+--------+-----+--------+
         Total |   1072 |   1022 |     50 |      0 |    764 |   2 |  536.0 |
       Dungeon |   1072 |   1022 |     50 |      0 |    764 |   2 |  536.0 |
               +--------+--------+--------+--------+--------+-----+--------+

Top non-repeatable levels by time:
     D:1: 672 daAuts
     D:2: 399 daAuts
